 Dungeon Crawl Stone Soup version 0.32-a0-876-gcfddb08e57 (webtiles) character file.

Game seed: 13870573901377628829

1941 rvierbuc the Poker (level 9, -1/61 (69) HPs)
             Began as a Gnoll Reaver on Mar 31, 2024.
             Was an Initiate of Okawaru.
             Slain by a killer bee (5 damage)
             ... on level 7 of the Dungeon on Apr 1, 2024.
             The game lasted 00:20:26 (4548 turns).

rvierbuc the Poker (Gnoll Reaver)                   Turns: 4548, Time: 00:20:26

HP:   -1/61 (69)    AC: 14    Str: 21    XL:     9   Next: 18%
MP:   18/18         EV:  6    Int: 14    God:    Okawaru [......]
Gold: 342           SH:  0    Dex: 10    Spells: 19/21 levels left

rFire   . . .        t - +4 hand axe (distort)
rCold   . . .        n - orb {*Rage}
rNeg    . . .        C - +0 plate armour
rPois   .            z - +0 helmet
rElec   .            (no cloak)
rCorr   .            (no gloves)
SInv    +            q - +0 pair of boots
Will    +....        (no amulet) Stlth
                     p - +6 ring of strength
HPRegen 0.30/turn    y - ring of see invisible
MPRegen 0.16/turn

%: random rage (20%)
@: lethally poisoned (-1 -> -12), on berserk cooldown, enlightened, flying,
mesmerised, slowed, heavily drained, very slow
A: fangs 1, strong nose, distributed training
a: Renounce Religion


You were on level 7 of the Dungeon.
You worshipped Okawaru.
Okawaru was noncommittal.
You visited 2 branches of the dungeon, and saw 8 of its levels.

You collected 439 gold pieces.
You spent 97 gold pieces at shops.

Inventory:

Hand Weapons
 a - a +0 spear
 j - a +0 whip of electrocution
 t - a +4 hand axe of distortion (weapon)
Missiles
 r - 4 boomerangs
 A - 3 poisoned darts
Armour
 b - a +0 leather armour
 n - an orb of wrath (worn)
 q - a +0 pair of boots (worn)
 s - a +0 chain mail
 z - a +0 helmet (worn)
 C - a +0 plate armour (worn)
Jewellery
 p - a +6 ring of strength (left hand)
 y - a ring of see invisible (right hand)
Scrolls
 d - 5 scrolls of identify {unknown}
 h - 3 scrolls of immolation {unknown}
 i - 2 scrolls of blinking {unknown}
 o - 2 scrolls of teleportation {unknown}
 u - 5 scrolls of revelation {unknown}
 v - 2 scrolls of amnesia {unknown}
 w - a scroll of vulnerability {unknown}
Potions
 c - a potion of mutation {unknown}
 e - 3 potions of attraction {unknown}
 f - 2 potions of berserk rage {unknown}
 g - 2 potions of curing
 k - 2 potions of cancellation {unknown}
 l - 2 potions of enlightenment
 m - a potion of magic {unknown}
 x - 2 potions of degeneration {unknown}
 B - a potion of might {unknown}


   Skills:
 + Level 6.2 Fighting
 + Level 4.1 Short Blades
 + Level 4.1 Long Blades
 + Level 4.1 Axes
 + Level 4.1 Maces & Flails
 + Level 7.8 Polearms
 + Level 4.1 Staves
 + Level 4.1 Ranged Weapons
 + Level 4.1 Throwing
 + Level 4.1 Armour
 + Level 6.2 Dodging
 + Level 4.1 Stealth
 + Level 4.1 Shields
 + Level 4.1 Unarmed Combat
 + Level 6.5 Spellcasting
 + Level 6.5 Conjurations
 + Level 3.4 Hexes
 + Level 3.4 Summonings
 + Level 3.4 Necromancy
 + Level 3.4 Translocations
 + Level 3.4 Fire Magic
 + Level 3.4 Ice Magic
 + Level 3.4 Air Magic
 + Level 3.4 Earth Magic
 + Level 3.4 Alchemy
 + Level 4.5 Invocations
 + Level 4.1 Evocations
 + Level 3.7 Shapeshifting


You had 19 spell levels left.
You knew the following spells:

 Your Spells              Type           Power      Damage    Failure   Level
a - Kiss of Death         Conj/Necr      72%        2d10      43%         1
b - Summon Small Mammal   Summ           56%        N/A       65%         1

Your spell library contained the following spells:

 Spells                   Type           Power      Damage    Failure   Level
 Momentum Strike          Conj/Tloc      36%        3d9       56%         2
 Freeze                   Ice            56%        1d7       65%         1
 Ensorcelled Hibernation  Hex/Ice        28%        N/A       80%         2
 Dazzling Flash           Conj/Hex       36%        N/A       80%         3
 Hailstorm                Conj/Ice       18%        3d7       80%         3
 Mephitic Cloud           Conj/Alch/Air  17%        N/A       86%         3
 Frozen Ramparts          Ice            28%        1d5       95%         3
 Passwall                 Erth           14%        N/A       95%         3
 Sigil of Binding         Hex            14%        N/A       95%         3
 Swiftness                Air            14%        N/A       95%         3
 Teleport Other           Tloc           14%        N/A       95%         3
 Curse of Agony           Necr           14%        N/A       100%        5
 Silence                  Hex/Air        7%         N/A       100%        5
 Dispersal                Tloc           7%         N/A       100%        6
 Gell's Gavotte           Tloc           7%         2d(14-21) 100%        6
 Call Canine Familiar     Summ           Unusable   N/A       N/A         3
 Summon Blazeheart Golem  Fire/Summ      Unusable   N/A       N/A         4
 Death Channel            Necr           Unusable   N/A       N/A         6
 Sculpt Simulacrum        Ice/Alch       Unusable   N/A       N/A         6

Dungeon Overview and Level Annotations

Branches:
Dungeon (7/15)             Temple (1/1) D:6

Altars:
Ashenzari
Cheibriados
Dithmenos
Elyvilon
Fedhas
Gozag
Hepliaklqana
Kikubaaqudgha
Makhleb
Nemelex Xobeh
Okawaru
Qazlal
Ru
Sif Muna
Uskayaw
Vehumet
Xom
Yredelemnul
Zin
The Shining One

Shops:
D:4 ?   D:5 *

Annotations:
D:7 Jeremiah, Maggie
Abyss:1 Duvessa


Innate Abilities, Weirdness & Mutations

You have very sharp teeth.
Your uncanny sense of smell can sniff out nearby items.
Your experience applies equally to all skills.


Message History

The killer bee barely misses you.
The killer bee stings you but does no damage.
The killer bee barely misses you. x2; The orc hits you with a +0 war axe!
* * * LOW HITPOINT WARNING * * *
The killer bee moves out of view.
It was a potion of curing.
You feel better. The killer bee stings you.
* * * LOW HITPOINT WARNING * * *
The killer bee stings you but does no damage.
The killer bee closely misses you.
The killer bee stings you but does no damage.
Jeremiah hops!
The killer bee barely misses you. The killer bee stings you.
* * * LOW HITPOINT WARNING * * *
You are poisoned.
The killer bee poisons you! The orc hits you but does no damage.
You barely miss the killer bee.
The killer bee buzzes angrily.
You hit the orc.
Space warps horribly around the orc!
You kill the orc!
Okawaru accepts your kill.
You barely miss the killer bee.
You feel sick.
The killer bee barely misses you. x2; The killer bee stings you.
* * * LOW HITPOINT WARNING * * *
The killer bee stings you.
* * * LOW HITPOINT WARNING * * *
You are more poisoned.
The killer bee poisons you!
The killer bee stings you but does no damage. x2
The orc wizard gestures wildly while chanting.
The orc wizard flickers and vanishes for a moment.
The killer bee barely misses you. x2
It was a potion of enlightenment.
You feel very buoyant.
You fly up into the air.
* * * LOW HITPOINT WARNING * * *
You feel very sick. The killer bee completely misses you.
The killer bee stings you.
* * * LOW HITPOINT WARNING * * *
You are more poisoned.
The killer bee poisons you! The killer bee stings you.
You die...

∆ ∆ ## ## #.#.
#.########
#..bbb..)######
##.##.b..y@....#
##...#b###y####.#
#...F...oo@# #<#
##.b.#bb#oo# #.#
##b##b.#..# #b#
#.....b..# #b#
#.##.b#$## #.#
#.F#.# #.# #..# #
..^


You could see Maggie (mesmerising), Jeremiah, 2 killer bees, an orc wizard
(invisible) and 3 orcs.

Vanquished Creatures
  Sigmund (D:3)
  An orc warrior (D:6)
  A black bear (D:5)
  3 ogres
  A phantom (D:6)
  3 weeping skulls (D:4)
  A bullfrog (D:6)
  A scorpion (D:4)
  3 wights (D:4)
  Dowan (D:5)
  A human zombie (D:4)
  A bombardier beetle (D:4)
  3 hounds
  An orc priest (D:3)
  2 jellies (D:6)
  A sleepcap (D:6)
  Jessica (D:2)
  An iguana (D:5)
  2 orc wizards
  A scorpion zombie (D:4)
  Terence (D:3)
  2 mummies (D:4)
  6 adders
  2 white imps (D:6)
  An ufetubus (D:6)
  An adder zombie (D:4)
  3 ribbon worms (D:2)
  A dart slug (D:1)
  15 orcs
  9 ball pythons
  5 endoplasms
  3 giant cockroaches
  7 goblins
  8 hobgoblins
  3 jackals (D:3)
  7 quokkas
  2 training dummies (D:5)
  5 bats
  3 frilled lizards
  11 kobolds
  A quokka zombie (D:4)
  4 rats
130 creatures vanquished.

Notes
Turn   | Place    | Note
-------+----------+-------------------------------------------
     0 | D:1      | rvierbuc the Gnoll Reaver began the quest for the Orb.
     0 | D:1      | Reached XP level 1. HP: 20/20 MP: 6/6
    99 | D:1      | Reached XP level 2. HP: 26/26 MP: 7/7
   346 | D:1      | Reached skill level 5 in Spellcasting
   346 | D:1      | Reached XP level 3. HP: 22/31 MP: 7/9
   761 | D:2      | Noticed Jessica
   764 | D:2      | Killed Jessica
   765 | D:2      | Reached skill level 1 in Short Blades
   765 | D:2      | Reached skill level 1 in Long Blades
   765 | D:2      | Reached skill level 1 in Axes
   765 | D:2      | Reached skill level 1 in Maces & Flails
   765 | D:2      | Reached skill level 1 in Staves
   765 | D:2      | Reached skill level 1 in Ranged Weapons
   765 | D:2      | Reached skill level 1 in Throwing
   765 | D:2      | Reached skill level 1 in Armour
   765 | D:2      | Reached skill level 1 in Stealth
   765 | D:2      | Reached skill level 1 in Shields
   765 | D:2      | Reached skill level 1 in Unarmed Combat
   765 | D:2      | Reached skill level 1 in Invocations
   765 | D:2      | Reached skill level 1 in Evocations
   780 | D:2      | Reached skill level 1 in Shapeshifting
   780 | D:2      | Reached XP level 4. HP: 38/38 MP: 11/11
   900 | D:2      | Reached skill level 1 in Hexes
   900 | D:2      | Reached skill level 1 in Summonings
   900 | D:2      | Reached skill level 1 in Necromancy
   900 | D:2      | Reached skill level 1 in Translocations
   900 | D:2      | Reached skill level 1 in Fire Magic
   900 | D:2      | Reached skill level 1 in Ice Magic
   900 | D:2      | Reached skill level 1 in Air Magic
   900 | D:2      | Reached skill level 1 in Earth Magic
   900 | D:2      | Reached skill level 1 in Alchemy
  1411 | D:3      | Reached XP level 5. HP: 43/43 MP: 12/12
  1462 | D:3      | Noticed Terence
  1464 | D:3      | Killed Terence
  1488 | D:3      | Noticed Sigmund
  1497 | D:3      | Killed Sigmund
  1498 | D:3      | Reached skill level 5 in Fighting
  1498 | D:3      | Reached skill level 5 in Dodging
  1498 | D:3      | Reached XP level 6. HP: 40/51 MP: 14/14
  1841 | D:3      | Found a broken altar of Ashenzari.
  2148 | D:4      | Found Ufasylywk's Magic Scroll Shoppe.
  2178 | D:4      | Bought a scroll of enchant weapon for 97 gold pieces
  2305 | D:4      | Learned a level 1 spell: Summon Small Mammal
  2337 | D:4      | Reached skill level 7 in Polearms
  2337 | D:4      | Reached XP level 7. HP: 33/56 MP: 15/15
  2850 | D:4      | Reached XP level 8. HP: 63/63 MP: 16/16
  2863 | D:4      | Found a basalt altar of Yredelemnul.
  3000 | D:5      | Entered Level 5 of the Dungeon
  3100 | D:5      | Found Jecwan's Assorted Antiques.
  3268 | D:5      | Noticed Duvessa
  3268 | D:5      | Noticed Dowan
  3272 | D:5      | Killed Dowan
  3273 | D:5      | Banished Duvessa
  3441 | D:5      | Found a radiant altar of Vehumet.
  3531 | D:6      | Found a shadowy altar of Dithmenos.
  3625 | D:6      | Found a staircase to the Ecumenical Temple.
  3646 | Temple   | Entered the Ecumenical Temple
  3660 | Temple   | Became a worshipper of Warmaster Okawaru
  3678 | D:6      | Found a white marble altar of Elyvilon.
  3775 | D:6      | Found a hazy altar of Hepliaklqana.
  3919 | D:6      | Reached XP level 9. HP: 66/69 MP: 18/18
  4505 | D:7      | Noticed Jeremiah
  4537 | D:7      | Noticed Maggie
  4548 | D:7      | Slain by a killer bee

Illustrated notes

Levels and vault maps discovered:
D:1:      ebering_trefoil_3fold, layout_basic
D:2:      layout_rooms, kennysheep_generic_room_13, uniq_jessica
D:3:      layout_basic, mainiacjoe_overflow_surrounded_room,
          minmay_fountain_box, uniq_sigmund, uniq_terence
D:4:      layout_cave_pools, lemuel_mausoleum_altar_yredelemnul, serial_park,
          serial_park_tiny_2, serial_park_gazebo [serial_park_minivault_5x5_2],
          serial_park_square1 [serial_park_minivault_5x5_1], serial_shops, shop,
          chequers_avenue
D:5:      dreamdust_elfheim, layout_cave_pools, nicolae_vehumet_radiance,
          serial_shops, nicolae_shop_tiny_glass
D:6:      layout_basic, grunt_dithmenos_smoke, nicolae_hepliaklqana_hazy_memory,
          general_overflow_altar, minmay_temple_entry_offerings, serial_rivers,
          chequers_serial_rivers_room_a, chequers_serial_rivers_small_b,
          chequers_serial_rivers_micro_e, chequers_serial_rivers_room_b
D:7:      layout_loops_ring, uniq_jeremiah, uniq_maggie, uniq_crazy_yiuf_cottage
Temple:   nicolae_temple_two_arcs

Skill      XL: |  1  2  3  4  5  6  7  8  9 |
---------------+----------------------------+-----
Spellcasting   | 5 6 |  6.5
Short Blades   | 1 2 3 4 |  4.1
Long Blades    | 1 2 3 4 |  4.1
Axes           | 1 2 3 4 |  4.1
Maces & Flails | 1 2 3 4 |  4.1
Staves         | 1 2 3 4 |  4.1
Ranged Weapons | 1 2 3 4 |  4.1
Throwing       | 1 2 3 4 |  4.1
Armour         | 1 2 3 4 |  4.1
Stealth        | 1 2 3 4 |  4.1
Shields        | 1 2 3 4 |  4.1
Unarmed Combat | 1 2 3 4 |  4.1
Invocations    | 1 2 3 4 |  4.5
Evocations     | 1 2 3 4 |  4.1
Shapeshifting  | 1 2 3 |  3.7
Hexes          | 1 2 3 |  3.4
Summonings     | 1 2 3 |  3.4
Necromancy     | 1 2 3 |  3.4
Translocations | 1 2 3 |  3.4
Fire Magic     | 1 2 3 |  3.4
Ice Magic      | 1 2 3 |  3.4
Air Magic      | 1 2 3 |  3.4
Earth Magic    | 1 2 3 |  3.4
Alchemy        | 1 2 3 |  3.4
Fighting       | 5 6 |  6.2
Dodging        | 5 6 |  6.2
Polearms       | 7 |  7.8
Conjurations   | 6 |  6.5

Action                     |  1- 3 |  4- 6 |  7- 9 || total
---------------------------+-------+-------+-------++-------
  Melee: Spear             |    43 |       |       ||    43
         Bite              |     4 |     9 |    13 ||    26
         Whip              |    30 |    80 |       ||   110
         Hand axe          |       |    56 |   145 ||   201
    Use: Scroll            |       |     2 |       ||     2
         Potion            |       |       |     2 ||     2
 Armour: Leather armour    |    34 |    71 |       ||   105
         Chain mail        |       |    64 |    58 ||   122
         Plate armour      |       |       |    50 ||    50
  Dodge: Dodged            |    39 |   100 |    66 ||   205

Table legend: (Time is in decaauts)
 A = Elapsed time spent in this place.
 B = Non-inter-level travel time spent in this place.
 C = Inter-level travel time spent in this place.
 D = Time resting spent in this place.
 E = Time spent auto-exploring this place.
 F = Levels seen in this place.
 G = Mean time per level.
                   A        B        C        D        E       F      G
               +--------+--------+--------+--------+--------+-----+--------+
         Total |   4813 |   4605 |    208 |    504 |   2881 |   8 |  601.6 |
       Dungeon |   4791 |   4583 |    208 |    504 |   2881 |   7 |  684.4 |
        Temple |     22 |     22 |      0 |      0 |      0 |   1 |   22.0 |
               +--------+--------+--------+--------+--------+-----+--------+

Top non-repeatable levels by time:
     D:6: 1001 daAuts
     D:4: 979 daAuts
     D:1: 749 daAuts
     D:3: 746 daAuts
     D:2: 698 daAuts
     D:5: 562 daAuts
     D:7: 53 daAuts
  Temple: 22 daAuts
